 Dungeon Crawl Stone Soup version 0.27.1 (webtiles) character file.

Game seed: 16801371962696033029

32 Destapler the Skirmisher (level 3, -2/33 HPs)
             Began as a Minotaur Abyssal Knight on Aug 30, 2021.
             Was a Follower of Lugonu.
             Slain by Sigmund (12 damage)
             ... on level 2 of the Dungeon.
             The game lasted 00:02:20 (1534 turns).

Destapler the Skirmisher (Minotaur Abyssal Knight)  Turns: 1534, Time: 00:02:20

Health: -2/33      AC:  3    Str: 17    XL:     3   Next: 8%
Magic:  3/3        EV: 11    Int:  9    God:    Lugonu [*.....]
Gold:   133        SH:  0    Dex:  9    Spells: 2/2 levels left

rFire    . . .     SeeInvis .   a - +1 hand axe
rCold    . . .     Faith    .   (no shield)
rNeg     . . .     Spirit   .   b - +0 leather armour
rPois    .         Reflect  .   (helmet restricted)
rElec    .         Harm     .   (no cloak)
rCorr    .         Rampage  .   (no gloves)
Will     .....                  (no boots)
Stlth    +.........             (no amulet)
HPRegen  0.11/turn              (no ring)
MPRegen  0.08/turn              (no ring)

@: attractive, flying
A: horns 2, retaliatory headbutt
a: Renounce Religion, Depart the Abyss


You were on level 2 of the Dungeon.
You worshipped Lugonu.
Lugonu was aware of your devotion.
You visited 1 branch of the dungeon, and saw 2 of its levels.
You visited the Abyss 1 time.

You collected 133 gold pieces.

Inventory:

Hand Weapons
 a - a +1 hand axe (weapon)
Armour
 b - a +0 leather armour (worn)
Jewellery
 g - a ring of fire
Scrolls
 c - a scroll of noise {unknown}
 e - a scroll of immolation {unknown}
 f - 2 scrolls of teleportation {unknown}
 j - a scroll of fear {unknown}
Potions
 d - a potion of attraction


   Skills:
 + Level 3.9 Fighting
 + Level 2.9 Axes
 + Level 2.9 Armour
 + Level 1.7 Dodging
 + Level 2.2 Invocations


You had 2 spell levels left.
You didn't know any spells.
Your spell library contained the following spells:

 Spells                   Type           Power      Damage    Failure   Level
 Call Canine Familiar     Summ           0%         N/A       82%         3
 Portal Projectile        Hex/Tloc       0%         N/A       82%         3
 Leda's Liquefaction      Hex/Erth       0%         N/A       99%         4


Dungeon Overview and Level Annotations

Branches:
Dungeon (2/15)

Altars:

Annotations:
D:2 Sigmund


Innate Abilities, Weirdness & Mutations

You have a pair of horns on your head.
You reflexively headbutt those who attack you in melee.


Message History

The bat hits you but does no damage. The hobgoblin hits you.
It was a potion of heal wounds.
You feel much better. The hobgoblin hits you. Sigmund closely misses you.
The bat hits you.
No other quiver actions available for cycling.
No other quiver actions available for cycling.
No other quiver actions available for cycling.
You hit Sigmund.
Sigmund is lightly wounded.
You hit the bat. You closely miss the hobgoblin. The bat closely misses you. x2
The hobgoblin hits you. Sigmund casts a spell at you.
You resist with significant effort.
You closely miss the bat.
The bat is moderately wounded.
You barely miss the hobgoblin. You barely miss Sigmund.
The bat hits you but does no damage. The hobgoblin hits you.
Sigmund hits you with a +0 scythe!
* * * LOW HITPOINT WARNING * * *
The bat barely misses you. You furiously retaliate!
You headbutt the bat!
You kill the bat!
Lugonu accepts your kill. The hobgoblin barely misses you.
You closely miss Sigmund.
Sigmund is lightly wounded.
You barely miss the hobgoblin. The hobgoblin hits you.
* * * LOW HITPOINT WARNING * * *
You barely miss Sigmund.
Sigmund is lightly wounded.
You hit the hobgoblin.
You kill the hobgoblin!
Lugonu accepts your kill. Sigmund closely misses you.
You barely miss Sigmund. Your headbutt misses Sigmund.
Sigmund is lightly wounded.
Sigmund barely misses you.
Unknown command.
It was a potion of flight.
You feel very buoyant.
You fly up into the air.
Sigmund hits you with a +0 scythe!
You die...

## .# ..###.####
#........#
........#
###........#
..#........ ##
#.#..@.....# ..
#.#?@†.....# #.
#.#........#
##.##.#.###.####
###..>#.......#
##....#....#####
#....#.#...#
#........#
#...####..## ##
#..########


You could see Sigmund.

Vanquished Creatures
  3 ball pythons (D:1)
  5 endoplasms
  4 goblins (D:1)
  A hobgoblin (D:2)
  4 jackals (D:1)
  A quokka (D:1)
  4 bats
  2 frilled lizards (D:1)
  2 kobolds
  3 rats
29 creatures vanquished.

Notes
Turn   | Place    | Note
-------+----------+-------------------------------------------
     0 | Abyss:1  | Destapler the Minotaur Abyssal Knight began the quest for
                  | the Orb.
     0 | Abyss:1  | Reached XP level 1. HP: 19/19 MP: 1/1
   219 | Abyss:3  | Noticed a worldbinder
   219 | Abyss:3  | Noticed a tentacled starspawn
   219 | Abyss:3  | Noticed a starcursed mass
   220 | D:1      | Escaped the Abyss
   355 | D:1      | Found a faded altar of an unknown god.
   373 | D:1      | Reached * piety under Lugonu
   633 | D:1      | Reached XP level 2. HP: 24/27 MP: 2/2
  1456 | D:2      | Reached XP level 3. HP: 26/33 MP: 3/3
  1522 | D:2      | Noticed Sigmund
  1534 | D:2      | Slain by Sigmund

Illustrated notes

Levels and vault maps discovered:
D:1:      dpeg_arrival_erosion, layout_basic, chequers_ecumenical_altar_grove,
          minmay_tree_intersection
D:2:      layout_loops_ring, minmay_domino_4, uniq_jessica, uniq_sigmund

Skill      XL: |  1 |
---------------+----+-----
Invocations    | 2 |  2.2
Fighting       | |  3.9
Axes           | |  2.9
Armour         | |  2.9
Dodging        | |  1.7

Action                   || total
-------------------------++-------
Melee: Hand axe          ||    47
       Headbutt          ||     4
Invok: Depart the Abyss  ||     1
  Use: Scroll            ||     1
       Potion            ||     3
Armor: Leather armour    ||    17
Dodge: Dodged            ||    37
